 Dungeon Crawl Stone Soup version 0.17.2-1-ge4368a0 (webtiles) character file.

136 Goblin1989 the Covert (level 4, -1/33 HPs)
             Began as a Vampire Assassin on Dec 19, 2016.
             Slain by an orc
             ... wielding a cursed +0 flail
              (6 damage)
             ... on level 3 of the Dungeon.
             The game lasted 00:05:52 (2535 turns).

Goblin1989 the Covert (Vampire Assassin)            Turns: 2535, Time: 00:05:52

Health: -1/33      AC:  5    Str: 10    XL:     4   Next: 98%
Magic:  4/4        EV: 11    Int: 13    God:
Gold:   77         SH:  3    Dex: 16    Spells: 0 memorised, 3 levels left

rFire  . . .     SeeInvis +     a - +2 dagger
rCold  + . .     Clarity  .     c - +0 robe
rNeg   + + .     SustAt   .     r - +0 buckler
rPois  +         Gourm    .     (no helmet)
rElec  .         Spirit   .     d - +0 cloak
rCorr  .         Warding  .     (no gloves)
rMut   .         Stasis   .     j - +1 pair of boots
MR     .....                    (no amulet)
Stlth  +++++.....               (no ring)
                                (no ring)

@: regenerating slowly, not resistant to hostile enchantments, quite stealthy
A: fangs 3, see invisible, unbreathing
a: Bat Form


You were on level 3 of the Dungeon.
You were very thirsty.

You visited 1 branch of the dungeon, and saw 3 of its levels.

You collected 77 gold pieces.

Inventory:

Hand Weapons
 a - a +2 dagger (weapon)
 w - a +0 blowgun {@w1}
Missiles
 e - 30 poisoned needles
 f - 2 curare-tipped needles
Armour
 c - a +0 robe (worn)
 d - a +0 cloak (worn)
 j - a +1 pair of boots (worn)
 r - a +0 buckler (worn)
 t - a +0 helmet
Scrolls
 b - 3 scrolls of identify {unknown}
 g - a scroll of enchant armour {unknown}
 k - 2 scrolls of remove curse {unknown}
 p - a scroll of recharging {unknown}
 s - a scroll of teleportation {unknown}
Potions
 h - a potion of resistance {unknown}
 i - 4 potions of curing {unknown}
 l - a potion of flight {unknown}
 m - a potion of agility {unknown}
 n - 2 potions of degeneration {unknown}
 o - a potion of poison {unknown}
 q - 8 potions of blood


   Skills:
 - Level 1.7 Fighting
 * Level 2.9 Short Blades
 - Level 1.5 Throwing
 - Level 1.1 Dodging
 + Level 9.2 Stealth


You had 3 spell levels left.
You didn't know any spells.

Dungeon Overview and Level Annotations

Branches:
Dungeon (3/15)

Altars:
Qazlal


Innate Abilities, Weirdness & Mutations

You heal slowly.
You have razor-sharp teeth.
You have supernaturally acute eyesight.
You can survive without breathing.


Message History

You hear a shout! x3
The orc misses you.
You closely miss the orc.
The orc is lightly wounded.
You block the orc's attack.
You hit the orc.
The orc is moderately wounded.
The orc hits you with a flail.
* * * LOW HITPOINT WARNING * * *
You take 1 damage, and have 5/33 hp.
You hit the orc but do no damage.
The orc is lightly wounded.
An orc comes into view. It is wielding a hand axe.
You hit the orc.
The orc is almost dead.
The orc hits you but does no damage.
You closely miss the orc.
The orc is almost dead.
The orc hits you with a flail.
You die... █████ ..... █████████████..... █..........)...... █.███████████..... ████@█

.████ █...o█ ██ █.██o█ █
█.██████████
█>..........
███.██████████████
█████████∆███████......█
█.█.............█..█...█
█.█.............█...<..█


You could see 2 orcs.

Vanquished Creatures
  The ghost of dscm the Scratcher, a weakling FeTm (D:3)
  6 adders (D:2)
  3 worms (D:2)
  2 orcs (D:3)
  9 bats
  2 giant cockroaches (D:2)
  3 goblins
  7 hobgoblins
  4 giant geckos
  9 giant newts
  8 jackals (D:2)
  5 kobolds
  5 rats
64 creatures vanquished.

Notes
Turn   | Place    | Note
--------------------------------------------------------------
     0 | D:1      | Goblin1989 the Vampire Assassin began the quest for the Orb.
     0 | D:1      | Reached XP level 1. HP: 16/16 MP: 1/1
    32 | D:1      | Reached skill level 6 in Stealth
   138 | D:1      | Reached XP level 2. HP: 22/22 MP: 2/2
   377 | D:1      | Reached skill level 7 in Stealth
   616 | D:2      | Reached XP level 3. HP: 27/27 MP: 3/3
   716 | D:2      | Reached skill level 8 in Stealth
   969 | D:2      | Found a stormy altar of Qazlal.
  1147 | D:2      | Reached XP level 4. HP: 33/33 MP: 4/4
  1791 | D:2      | Reached skill level 9 in Stealth
  2426 | D:3      | Noticed dscm's ghost (weakling FeTm)
  2450 | D:3      | Killed dscm's ghost
  2535 | D:3      | Slain by an orc

Action                   |  1- 3 |  4- 6 || total
-------------------------+-------+-------++-------
Melee: Dagger            |    87 |    82 ||   169
 Fire: Blowgun           |       |     9 ||     9
  Use: Potion            |       |     1 ||     1
 Stab: Sleeping          |    16 |     6 ||    22
       Distracted        |       |     2 ||     2

Vault maps used:
D:1:      dpeg_arrival_simpleton_c, minmay_misc_feat_alley
D:2:      nicolae_qazlal_general_emergency
D:3:      gammafunk_temple_overflow_wave, first_bread, glass_columns_b,
          kennysheep_path_1, nemelex_altar_shiori
